AoeStats
← ChotoPilot

Nomad

510067227Analyzed
3v3 RM · 4d ago on Sep 29, 2026· 86m 45s· 6 players
Game mode
Random Map
Map size
210×210
Population
200
Speed
Normal
Resources
Standard
Victory
Conquest
Starting age
Dark Age
Ending age
Imperial Age
RankedLock teamsTeams togetherTeam positionsShared explorationLock speedFull tech treeHidden civsTurbo modeCheats
Victory
Defeat
🇦🇷 Vietnamese · Argentina
798
+15
🇹🇼 Sicilians · Taiwan
752
+17
🇨🇦 Romans · Canada
712
+19
🇧🇩 Italians · Bangladesh
784
-17
🇧🇩 Magyars · Bangladesh
772
-17
🇧🇩 Aztecs · Bangladesh
769
-17
Cinderella913
16:30 Feudal Age
18:19 Double-Bit Axe
22:12 Castle Age
19:58 Fishing Lines
20:33 Scale Mail Armor
20:44 Forging
21:20 Man-at-Arms
23:49 Squires
24:40 Gillnets
25:50 Horse Collar
25:39 Long Swordsman
30:51 Wheelbarrow
31:11 Chain Mail Armor
30:48 Fletching
33:04 Hand Cart
34:46 Stone Mining
35:10 Bow Saw
35:04 Heavy Plow
35:00 Gold Mining
39:18 Bodkin Arrow
39:59 Iron Casting
39:25 Padded Archer Armor
43:23 Leather Archer Armor
47:35 Imperial Age
45:32 Ballistics
45:08 Murder Holes
51:16 Blast Furnace
49:38 Legionary
50:27 Siege Engineers
51:37 Crop Rotation
50:56 Heavy Scorpion
53:20 Gold Shaft Mining
56:31 Conscription
57:35 Ballistas
73:09 Comitatenses
82:32 Ring Archer Armor
82:07 Scale Barding Armor
瀧注洄洮
13:33 Feudal Age
15:52 Double-Bit Axe
22:26 Arson
29:52 Gold Mining
37:11 Castle Age
37:42 Scale Mail Armor
37:53 Forging
37:34 Fletching
38:04 Squires
37:51 Gambesons
40:13 Bow Saw
42:01 Ballistics
44:46 Fishing Lines
46:31 Gold Shaft Mining
45:52 Stone Mining
49:01 Imperial Age
49:50 Elite Serjeant
50:50 Chain Mail Armor
50:34 Bodkin Arrow
51:17 Iron Casting
57:28 First Crusade
59:31 Blast Furnace
59:02 Plate Mail Armor
61:20 Pikeman
61:57 Halberdier
76:10 Bracer
80:03 Chemistry
78:49 Arrowslits
79:10 Siege Engineers
79:16 Masonry
85:20 Wheelbarrow
84:31 Loom
84:32 Town Watch
Tubbi
11:44 Loom
15:18 Feudal Age
15:50 Double-Bit Axe
15:57 Horse Collar
20:59 Castle Age
19:48 Fletching
19:59 Loom
22:40 Heavy Plow
22:53 Bow Saw
24:43 Bodkin Arrow
27:21 Thumb Ring
27:53 Padded Archer Armor
28:00 Scale Barding Armor
29:30 Elite Skirmisher
30:27 Leather Archer Armor
32:22 Forging
32:33 Chain Barding Armor
32:06 Stone Mining
33:35 Gold Mining
35:07 Iron Casting
35:40 Wheelbarrow
35:55 Stone Shaft Mining
35:58 Town Watch
36:38 Pikeman
38:09 Squires
39:52 Hand Cart
40:47 Treadmill Crane
44:40 Imperial Age
43:37 Town Patrol
44:40 Ballistics
46:26 Chemistry
45:50 Bracer
46:21 Ring Archer Armor
46:45 Crop Rotation
47:17 Two-Man Saw
46:39 Heavy Cavalry Archer
49:48 Halberdier
51:29 Scale Mail Armor
51:40 Imperial Skirmisher
56:52 Paper Money
59:49 Man-at-Arms
62:19 Long Swordsman
63:28 Elite Rattan Archer
Ashura
4:37 Loom
15:34 Feudal Age
16:13 Double-Bit Axe
16:11 Fishing Lines
21:14 Castle Age
21:10 Wheelbarrow
21:42 Fletching
22:30 Town Watch
22:57 Thumb Ring
23:30 Bow Saw
24:02 Padded Archer Armor
24:39 Gillnets
25:00 Medium Warships
27:10 Bloodlines
27:36 Hand Cart
28:11 Bodkin Arrow
29:15 Leather Archer Armor
29:26 Ballistics
33:20 Town Patrol
35:07 Elite Skirmisher
36:43 Treadmill Crane
41:23 Imperial Age
40:56 Forging
42:34 Conscription
43:29 Murder Holes
44:35 Chemistry
44:31 Elite Genoese Crossbowman
45:13 Gold Mining
45:13 Stone Mining
45:07 Horse Collar
46:29 Bracer
47:04 Iron Casting
47:04 Ring Archer Armor
47:11 Fortified Wall
52:12 Hoardings
56:01 Two-Man Saw
55:03 Heavy Plow
62:04 Bombard Tower
61:49 Guard Tower
63:51 Keep
73:11 Crop Rotation
73:13 Arrowslits
74:44 Arrowslits
75:11 Masonry
75:33 Squires
74:53 Pikeman
75:19 Arson
75:42 Scale Mail Armor
76:17 Iron Casting
76:50 Architecture
ChotoPilot
13:32 Feudal Age
14:06 Man-at-Arms
15:00 Double-Bit Axe
15:52 Arson
19:03 Horse Collar
20:01 Padded Archer Armor
22:26 Wheelbarrow
30:19 Castle Age
34:28 Fishing Lines
35:41 Gold Mining
36:08 Bow Saw
37:25 Elite Skirmisher
38:18 Gillnets
38:38 Stone Mining
39:26 Scale Mail Armor
40:31 Hand Cart
41:23 Chain Mail Armor
42:01 Atlatl
47:36 Imperial Age
46:10 Forging
46:16 Leather Archer Armor
45:52 Fletching
47:28 Heavy Plow
50:31 Elite Jaguar Warrior
51:34 Conscription
52:10 Plate Mail Armor
52:15 Iron Casting
56:16 Iron Casting
56:57 Ballistics
56:33 Murder Holes
60:14 Blast Furnace
59:10 Bodkin Arrow
65:13 Garland Wars
66:15 Chemistry
66:01 Onager
71:43 Bracer
bk1400
4:39 Loom
16:29 Feudal Age
18:17 Double-Bit Axe
18:37 Fletching
18:48 Padded Archer Armor
18:54 Scale Barding Armor
24:51 Bloodlines
28:46 Castle Age
29:55 Husbandry
29:16 Light Cavalry
32:03 Ballistics
34:42 Stone Mining
34:42 Gold Mining
35:25 Corvinian Army
45:26 Imperial Age
45:47 Leather Archer Armor
45:28 Bodkin Arrow
47:08 Chain Barding Armor
48:06 Chemistry
47:42 Bow Saw
47:16 Horse Collar
64:58 Elite Magyar Huszar
73:22 Two-Man Saw
73:23 Heavy Cavalry Archer
76:59 Heavy Plow
85:01 Plate Barding Armor
84:58 Ring Archer Armor
84:29 Bracer
Connection lost

Rejoining the realm…

Still unreachable

The connection could not be restored.

Session expired

The server has moved on; the page needs a fresh start.